 Dungeon Crawl Stone Soup version 0.17.2-1-ge4368a0 (webtiles) character file.

4392 daftwullie the Basher (level 10, 0/98 HPs)
             Began as an Ogre Warper on May 7, 2017.
             Was a Follower of the Shining One.
             Slain by an adder (4 damage)
             ... on level 8 of the Dungeon.
             The game lasted 01:53:34 (13552 turns).

daftwullie the Basher (Ogre Warper)                Turns: 13552, Time: 01:53:34

Health: 0/98       AC:  4    Str: 18    XL:     10   Next: 35%
Magic:  29/30      EV: 10    Int: 15    God:    the Shining One [*.....]
Gold:   519        SH:  0    Dex:  9    Spells: 3 memorised, 19 levels left

rFire  . . .     SeeInvis .     a - +2 giant spiked club
rCold  . . .     Clarity  .     r - +0 robe
rNeg   . . .     SustAt   .     (shield currently unavailable)
rPois  .         Gourm    +     (helmet restricted)
rElec  .         Spirit   .     G - +0 cloak
rCorr  .         Warding  .     (gloves unavailable)
rMut   .         Stasis   .     (boots unavailable)
MR     +....                    z - amulet of the gourmand
Stlth  +.........               N - ring of magical power
                                (no ring)

@: lethally poisoned (0 -> -1), about to teleport, very slightly contaminated,
glowing, somewhat resistant to hostile enchantments, very unstealthy
A: unfitting armour, tough skin 1
a: Renounce Religion


You were on level 8 of the Dungeon.
You worshipped the Shining One.
The Shining One was aware of your devotion.
You were very full.

You visited 2 branches of the dungeon, and saw 10 of its levels.

You collected 519 gold pieces.

Inventory:

Hand Weapons
 a - a +2 giant spiked club (weapon)
 e - a +2 battleaxe of electrocution
 H - a +0 mace
 M - a +1 giant spiked club
 X - a +0 giant spiked club
Missiles
 o - 264 stones (quivered)
 v - 96 sling bullets
 O - 2 silver javelins
 V - 4 tomahawks
Armour
 r - a +0 robe (worn)
 G - a +0 cloak (worn)
Jewellery
 z - an amulet of the gourmand (around neck)
 N - a ring of magical power (right hand)
 T - an uncursed amulet of warding
Wands
 y - a wand of slowing (6)
 P - a wand of digging (13)
 R - a wand of fire (10)
Scrolls
 d - a scroll of blinking
 i - a scroll of immolation {unknown}
 m - 2 scrolls of magic mapping
 s - a scroll of fog {unknown}
 t - 3 scrolls of fear
 x - 2 scrolls of enchant armour {unknown}
 E - a scroll of silence {unknown}
 K - a scroll of enchant weapon
Potions
 g - 4 potions of curing
 h - a potion of resistance {unknown}
 j - 2 potions of brilliance
 k - a potion of might {unknown}
 l - 2 potions of ambrosia
 w - 2 potions of magic
 B - a potion of invisibility {unknown}
 C - 2 potions of lignification {unknown}
 D - 2 potions of flight
 F - a potion of berserk rage {unknown}
 I - a potion of agility
 L - 2 potions of haste {unknown}
 U - a potion of degeneration {unknown}
Books
 c - a book of Spatial Translocations

   Spells                             Type                      Level
   a - Apportation                    Translocation                1
   b - Blink                          Translocation                2
   c - Shroud of Golubria             Charms/Translocation         2
   d - Portal Projectile              Translocation                3
   e - Teleport Other                 Translocation                3
   f - Passage of Golubria            Translocation                4
 q - a book of Minor Magic

   Spells                             Type                      Level
   a - Magic Dart                     Conjuration                  1
   b - Blink                          Translocation                2
   c - Call Imp                       Summoning                    2
   d - Repel Missiles                 Charms/Air                   2
   e - Slow                           Hexes                        2
   f - Conjure Flame                  Conjuration/Fire             3
   g - Mephitic Cloud                 Conjuration/Poison/Air       3
 J - a book of Clouds

   Spells                             Type                      Level
   a - Mephitic Cloud                 Conjuration/Poison/Air       3
   b - Conjure Flame                  Conjuration/Fire             3
   c - Poisonous Cloud                Conjuration/Poison/Air       6
   d - Freezing Cloud                 Conjuration/Ice/Air          6
   e - Ring of Flames                 Charms/Fire                  7
Comestibles
 b - a meat ration
 f - 4 bread rations
 p - 2 beef jerkies
 u - 2 fruits


   Skills:
 + Level 6.1 Fighting
 * Level 9.2 Maces & Flails
 * Level 7.3 Throwing
 - Level 2.1 Dodging
 * Level 7.9 Spellcasting
 + Level 2.1 Charms
 + Level 4.3 Translocations
 * Level 3.1 Invocations
 * Level 2.4 Evocations


You had 19 spell levels left.
You knew the following spells:

 Your Spells              Type           Power        Failure   Level  Hunger
a - Apportation           Tloc           ###.......   1%          1    None
b - Blink                 Tloc           N/A          3%          2    None
c - Shroud of Golubria    Chrm/Tloc      ###.......   6%          2    None


Dungeon Overview and Level Annotations

Branches:
Dungeon (9/15)             Temple (1/1) D:7
   Lair: D:8-11         Orc: D:9-12

Altars:
Ashenzari
Cheibriados
Elyvilon
Fedhas
Kikubaaqudgha
Makhleb
Okawaru
Qazlal
Ru
Zin
The Shining One

Shops:
D:6 [

Annotations:
D:8 Erica, Pikel, Prince Ribbit
D:9 Gastronok


Innate Abilities, Weirdness & Mutations

You are too large for most types of armour.
You have tough skin (AC +1).


Message History

You feel sick.
The ogre shouts!
The slave hits you but does no damage.
Casting: Shroud of Golubria
Confirm with . or Enter, or press ? or * to list all spells.
You blink.
The ogre shouts!
The adder bites you but does no damage. The adder barely misses you.
The slave closely misses you.
You feel sick.
You feel sick. The adder closely misses you.
You feel sick. The adder misses you.
Read which item? (? for menu, Esc to quit)
As you read the scroll of teleportation, it crumbles to dust.
You feel strangely unstable. The slave hits you!
* * * LOW HITPOINT WARNING * * *
The adder barely misses you. The adder bites you.
You die...

###### #....# #....#
######..######
#...###'##...##
.........'....#
...K.p...#....#
#..###ยง###'########
########
#..###.###...##S@.##
##..##.#.
...>.....p.K..pp...#
#......'.
...............)...#
#......#.
#..##.###'#####.####
## ##'######
#####.###.##.####
..#..##....###
................#
..'...........
................#
..#...........
#..#.....###.##.#
#..##..####.
#..#..8..# .# #'#
#######.


You could see Pikel, 3 slaves and an adder.

Vanquished Creatures
  10 yaks (D:9)
  A hungry ghost (D:9)
  A sky beast (D:7)
  5 ogres
  An orc warrior (D:7)
  2 ice beasts
  2 phantoms
  2 centaurs
  A big kobold (D:6)
  2 giant frogs (D:9)
  A water moccasin zombie (D:6)
  3 scorpions
  4 crimson imps
  7 hounds
  5 orc wizards
  3 iguanas
  3 orc priests
  A quasit (D:8)
  2 centaur skeletons
  A jelly (D:8)
  Terence (D:3)
  7 worker ants
  A killer bee zombie (D:8)
  2 hound zombies
  A hound skeleton (D:4)
  A mummy (D:8)
  2 worker ant zombies
  10 adders
  4 gnolls
  2 shadow imps
  2 oozes
  3 adder skeletons
  6 worms
  2 giant geckos
  21 orcs
  4 ball pythons
  6 bats
  6 giant cockroaches
  2 goblins (D:2)
  8 hobgoblins
  6 quokkas
  3 giant gecko skeletons
  6 giant newts
  5 jackals
  6 kobolds
  A quokka zombie (D:5)
  4 rats
179 creatures vanquished.

Notes
Turn   | Place    | Note
--------------------------------------------------------------
     0 | D:1      | daftwullie the Ogre Warper began the quest for the Orb.
     0 | D:1      | Reached XP level 1. HP: 22/22 MP: 3/3
   236 | D:1      | Reached XP level 2. HP: 19/29 MP: 3/5
   240 | D:1      | Learned a level 2 spell: Blink
   243 | D:1      | Learned a level 2 spell: Shroud of Golubria
   473 | D:1      | Reached skill level 3 in Maces & Flails
  1373 | D:2      | Reached XP level 3. HP: 36/36 MP: 7/7
  1472 | D:2      | Found a faded altar to an unknown god.
  2373 | D:2      | Reached XP level 4. HP: 45/45 MP: 5/8
  2380 | D:2      | Found a sacrificial altar of Ru.
  2380 | D:2      | Found a blossoming altar of Fedhas.
  2858 | D:3      | Reached XP level 5. HP: 49/53 MP: 6/9
  2887 | D:3      | Noticed Terence
  2920 | D:3      | Killed Terence
  3424 | D:4      | Reached skill level 4 in Maces & Flails
  3612 | D:4      | Found a burning altar of Makhleb.
  3612 | D:4      | Noticed an ogre
  3672 | D:4      | Killed an ogre
  3672 | D:4      | Reached XP level 6. HP: 60/62 MP: 7/11
  4197 | D:3      | Reached skill level 5 in Maces & Flails
  4322 | D:4      | Reached XP level 7. HP: 39/70 MP: 9/12
  4565 | D:3      | Reached skill level 1 in Charms
  4909 | D:4      | Noticed an ogre
  4950 | D:4      | Killed an ogre
  5183 | D:4      | Found a burning altar of Makhleb.
  5816 | D:5      | Entered Level 5 of the Dungeon
  6198 | D:5      | Reached XP level 8. HP: 76/79 MP: 10/15
  6326 | D:5      | Reached skill level 5 in Spellcasting
  6337 | D:5      | Reached skill level 5 in Throwing
  6366 | D:5      | Reached skill level 6 in Maces & Flails
  6678 | D:5      | Reached skill level 5 in Fighting
  7040 | D:5      | Found an iron altar of Okawaru.
  7419 | D:5      | Found an ancient bone altar of Kikubaaqudgha.
  7809 | D:6      | Found Qefusk's Antique Armour Shop.
  8286 | D:6      | Found a shattered altar of Ashenzari.
  8342 | D:6      | Reached skill level 7 in Maces & Flails
  8363 | D:6      | Found a glowing golden altar of the Shining One.
  8446 | D:6      | Reached XP level 9. HP: 67/88 MP: 18/18
  8784 | D:6      | Found a white marble altar of Elyvilon.
  8785 | D:6      | Found a glowing silver altar of Zin.
  8869 | D:6      | Became a worshipper of the Shining One
  9358 | D:7      | Found a staircase to the Ecumenical Temple.
  9367 | Temple   | Entered the Ecumenical Temple
 10468 | D:7      | Reached skill level 8 in Maces & Flails
 10818 | D:7      | Reached skill level 1 in Evocations
 11069 | D:8      | Found a stormy altar of Qazlal.
 11237 | D:8      | Noticed Erica
 11809 | D:9      | Reached skill level 1 in Invocations
 12331 | D:9      | Noticed Gastronok
 12412 | D:9      | Reached XP level 10. HP: 98/98 MP: 21/21
 12742 | D:9      | Reached skill level 9 in Maces & Flails
 13022 | D:8      | Found a snail-covered altar of Cheibriados.
 13085 | D:8      | Noticed Prince Ribbit
 13101 | D:8      | Noticed Pikel
 13402 | D:8      | Reached * piety under the Shining One
 13550 | D:8      | HP: 4/98 [slave[Pikel] (7)]
 13552 | D:8      | Slain by an adder

Action                   |  1- 3 |  4- 6 |  7- 9 | 10-12 || total
-------------------------+-------+-------+-------+-------++-------
Melee: Mace              |   137 |       |       |       ||   137
       Whip              |     5 |   132 |   208 |       ||   345
       Giant spiked club |       |       |   143 |    40 ||   183
Throw: Stone             |    57 |    14 |   111 |     6 ||   188
       Tomahawk          |     5 |       |    25 |    13 ||    43
       Javelin           |       |    17 |    48 |       ||    65
       Large rock        |       |       |    22 |     5 ||    27
 Cast: Shroud of Golubri |     5 |    16 |    46 |     9 ||    76
       Blink             |       |       |    28 |     3 ||    31
  Use: Scroll            |       |       |    17 |     4 ||    21
 Stab: Sleeping          |     2 |       |       |       ||     2
  Eat: Chunk             |     5 |     6 |    36 |     4 ||    51
       Fruit             |       |     2 |     2 |       ||     4
